[gd_scene load_steps=27 format=2]

[ext_resource path="res://assets/graphics/sheet_dialogue.sprites/border_ingame.tres" type="Texture" id=1]
[ext_resource path="res://assets/graphics/sheet_dialogue.sprites/next_indicator.tres" type="Texture" id=2]
[ext_resource path="res://dialogue/dialog_node_rex.gd" type="Script" id=3]
[ext_resource path="res://assets/graphics/sheet_dialogue.sprites/ingame_portraits9.tres" type="Texture" id=4]
[ext_resource path="res://addons/dialogic/dialog_character_resource.gd" type="Script" id=5]
[ext_resource path="res://assets/graphics/sheet_dialogue.sprites/ingame_portraits3.tres" type="Texture" id=6]
[ext_resource path="res://assets/fonts/font_ingame_dialogue.tres" type="DynamicFont" id=7]
[ext_resource path="res://assets/graphics/sheet_dialogue.sprites/ingame_portraits2.tres" type="Texture" id=8]
[ext_resource path="res://assets/graphics/sheet_dialogue.sprites/ingame_portraits4.tres" type="Texture" id=9]
[ext_resource path="res://assets/graphics/sheet_dialogue.sprites/ingame_portraits5.tres" type="Texture" id=10]
[ext_resource path="res://assets/graphics/sheet_dialogue.sprites/ingame_portraits1.tres" type="Texture" id=11]
[ext_resource path="res://assets/graphics/sheet_dialogue.sprites/ingame_portraits7.tres" type="Texture" id=12]
[ext_resource path="res://assets/graphics/sheet_dialogue.sprites/ingame_portraits8.tres" type="Texture" id=13]
[ext_resource path="res://assets/graphics/sheet_dialogue.sprites/ingame_portraits6.tres" type="Texture" id=14]
[ext_resource path="res://assets/graphics/sheet_dialogue.sprites/ingame_portraits10.tres" type="Texture" id=15]

[sub_resource type="Resource" id=1]
script = ExtResource( 5 )
name = "energy"
image = ExtResource( 13 )
color = Color( 0, 0, 0, 1 )
intro_ditty = ""

[sub_resource type="Resource" id=2]
script = ExtResource( 5 )
name = "smart"
image = ExtResource( 12 )
color = Color( 0, 0, 0, 1 )
intro_ditty = ""

[sub_resource type="Resource" id=3]
script = ExtResource( 5 )
name = "oxygen"
image = ExtResource( 14 )
color = Color( 0, 0, 0, 1 )
intro_ditty = ""

[sub_resource type="Resource" id=4]
script = ExtResource( 5 )
name = "single"
image = ExtResource( 11 )
color = Color( 0, 0, 0, 1 )
intro_ditty = ""

[sub_resource type="Resource" id=5]
script = ExtResource( 5 )
name = "double"
image = ExtResource( 8 )
color = Color( 0, 0, 0, 1 )
intro_ditty = ""

[sub_resource type="Resource" id=6]
script = ExtResource( 5 )
name = "laser"
image = ExtResource( 6 )
color = Color( 0, 0, 0, 1 )
intro_ditty = ""

[sub_resource type="Resource" id=7]
script = ExtResource( 5 )
name = "drone"
image = ExtResource( 9 )
color = Color( 0, 0, 0, 1 )
intro_ditty = ""

[sub_resource type="Resource" id=8]
script = ExtResource( 5 )
name = "spray"
image = ExtResource( 10 )
color = Color( 0, 0, 0, 1 )
intro_ditty = ""

[sub_resource type="Resource" id=9]
script = ExtResource( 5 )
name = "pod"
image = ExtResource( 4 )
color = Color( 0, 0, 0, 1 )
intro_ditty = ""

[sub_resource type="Resource" id=10]
script = ExtResource( 5 )
name = "rnd"
image = ExtResource( 15 )
color = Color( 0, 0, 0, 1 )
intro_ditty = ""

[sub_resource type="Animation" id=11]
loop = true
tracks/0/type = "value"
tracks/0/path = NodePath(".:margin_bottom")
tracks/0/interp = 2
tracks/0/loop_wrap = true
tracks/0/imported = false
tracks/0/enabled = true
tracks/0/keys = {
"times": PoolRealArray( 0, 0.5 ),
"transitions": PoolRealArray( 1, 1 ),
"update": 0,
"values": [ 0, 12 ]
}

[node name="DialogNodeStory" type="Control"]
anchor_right = 1.0
anchor_bottom = 1.0
margin_top = 1.0
margin_bottom = 1.0
script = ExtResource( 3 )
dialog_characters = [ SubResource( 1 ), SubResource( 2 ), SubResource( 3 ), SubResource( 4 ), SubResource( 5 ), SubResource( 6 ), SubResource( 7 ), SubResource( 8 ), SubResource( 9 ), SubResource( 10 ) ]

[node name="Background" type="TextureRect" parent="."]
anchor_right = 1.0
anchor_bottom = 1.0
margin_left = 2.0
margin_right = 2.0
__meta__ = {
"_edit_use_anchors_": false
}

[node name="Portraits" type="Control" parent="."]
anchor_left = 0.221
anchor_top = 0.782
anchor_right = 0.221
anchor_bottom = 0.782
margin_left = 41.4468
margin_top = -261.287
margin_right = 41.4468
margin_bottom = -261.287
__meta__ = {
"_edit_use_anchors_": false
}

[node name="TextBubble" type="Control" parent="."]
anchor_left = 0.26
anchor_top = 0.382
anchor_right = 0.26
anchor_bottom = 0.382
margin_left = 0.399979
margin_top = -0.376038
margin_right = 460.4
margin_bottom = 175.624
__meta__ = {
"_edit_use_anchors_": false
}

[node name="TextureRect" type="TextureRect" parent="TextBubble"]
anchor_right = 1.0
anchor_bottom = 1.0
margin_bottom = 1.99994
texture = ExtResource( 1 )
stretch_mode = 3
__meta__ = {
"_edit_use_anchors_": false
}

[node name="RichTextLabel" type="RichTextLabel" parent="TextBubble"]
anchor_right = 1.0
anchor_bottom = 1.0
margin_left = 33.0
margin_top = 27.0
margin_right = -33.0
margin_bottom = -27.0001
custom_colors/default_color = Color( 0.752941, 0.752941, 0.752941, 1 )
custom_fonts/normal_font = ExtResource( 7 )
bbcode_enabled = true
bbcode_text = "Placeholder text for testing and formatting."
text = "Placeholder text for testing and formatting."
__meta__ = {
"_edit_use_anchors_": false
}

[node name="NextIndicator" type="TextureRect" parent="TextBubble"]
anchor_left = 1.0
anchor_top = 1.0
anchor_right = 1.0
anchor_bottom = 1.0
margin_left = -71.5149
margin_top = -108.491
margin_right = -20.5149
texture = ExtResource( 2 )
stretch_mode = 4
__meta__ = {
"_edit_use_anchors_": false
}

[node name="AnimationPlayer" type="AnimationPlayer" parent="TextBubble/NextIndicator"]
autoplay = "IDLE"
anims/IDLE = SubResource( 11 )

[node name="NameLabel" type="RichTextLabel" parent="TextBubble"]
visible = false
margin_left = 2.0
margin_top = -37.0
margin_right = 369.0
custom_colors/default_color = Color( 0, 1, 1, 1 )
custom_colors/font_color_shadow = Color( 0, 0, 0, 1 )
custom_constants/shadow_as_outline = 10
custom_fonts/normal_font = ExtResource( 7 )
bbcode_enabled = true
bbcode_text = "Name Here"
text = "Name Here"
scroll_active = false
__meta__ = {
"_edit_use_anchors_": false
}

[node name="Options" type="VBoxContainer" parent="."]
anchor_left = 0.475
anchor_top = 0.604
anchor_right = 0.475
anchor_bottom = 0.604
margin_left = -3.05176e-05
margin_top = 0.111969
margin_right = 40.0
margin_bottom = 40.112
grow_horizontal = 2
grow_vertical = 2
__meta__ = {
"_edit_use_anchors_": false
}

[node name="TextInputDialog" type="AcceptDialog" parent="."]
anchor_left = 0.5
anchor_top = 0.5
anchor_right = 0.5
anchor_bottom = 0.5
margin_left = -192.0
margin_top = -57.0
margin_right = 192.0
margin_bottom = 57.0
popup_exclusive = true
dialog_hide_on_ok = false
__meta__ = {
"_edit_use_anchors_": false
}

[node name="LineEdit" type="LineEdit" parent="TextInputDialog"]
margin_left = 8.0
margin_top = 8.0
margin_right = 376.0
margin_bottom = 78.0

[node name="FX" type="Control" parent="."]
anchor_right = 1.0
anchor_bottom = 1.0
mouse_filter = 2
__meta__ = {
"_edit_group_": true,
"_edit_lock_": true,
"_edit_use_anchors_": false
}

[node name="FadeInNode" type="ColorRect" parent="FX"]
modulate = Color( 1, 1, 1, 0 )
anchor_right = 1.0
anchor_bottom = 1.0
mouse_filter = 2
color = Color( 0, 0, 0, 1 )
__meta__ = {
"_edit_use_anchors_": false
}

[node name="LotteryEnd" type="Timer" parent="."]
one_shot = true
autostart = true

[node name="LotteryTimer" type="Timer" parent="."]
autostart = true

[connection signal="timeout" from="LotteryEnd" to="." method="_on_LotteryTimer_timeout"]
[connection signal="timeout" from="LotteryTimer" to="." method="_on_LotteryTimer_timeout"]
